cohdb
Replays
Latest Replays
All Replays
Popular Replays
Top Player Replays
Match Explorer
How It Works
Community
CoH3 Stats
Reddit
Sign in to upload your games and track your stats! →
Sign in with Steam
Match 27666354
Unlisted
Match 27666354
Overview
Messages
Build Orders
End
Panzergrenadier Squad
Panzergrenadier Squad
Construct Light Support Kompanie
Assault Grenadier Squad
Fire Support Elements
250 Light Carrier
Flakvierling Half-track
Veteran Squad Leaders
Selects Armored Support Battlegroup
Selects Veteran Gunners
Flakvierling Half-track
Tungsten Core Ammunition
Vehicle Survival Package
Panzerjäger Mechanized Group
Selects Salvage Kits
Selects Panzer Storm
Construct Panzerarmee Kommand
Emergency Repair Kits
Selects Stuka Anti-tank Loiter
Panzer III L Medium Tank
Panzer III L Medium Tank
Rapid Advance
Advanced Optics
Stuka Anti-tank Loiter
Panzer III L Medium Tank
Panzer III L Medium Tank
^3
✡ Merchant ✡
0
0
Comments
sign in to comment!
No comments posted yet!